Construct Infanterie Kompanie
Selects Mechanized Battlegroup
Construct Luftwaffe Kompanie
Luftwaffe Officer Quarters
Selects Mobile Repair Stations
Selects StuG Assault Group
Marder III M Tank Destroyer
Selects Panther Heavy Tank
Marder III M Tank Destroyer
Selects Wespe Self-propelled Artillery
Wespe Self-propelled Artillery
Marder III M Tank Destroyer
Selects Mechanized Assault